 Dungeon Crawl Stone Soup version 0.20-a0-1078-g4874019 (webtiles) character file.

1658 theAP the Basher (level 9, 0/58 HPs)
             Began as a Gargoyle Fighter on May 1, 2017.
             Was an Initiate of Gozag.
             Slain by a two-headed ogre
             ... wielding a +0 giant club
              (18 damage)
             ... on level 8 of the Dungeon.
             The game lasted 00:10:50 (5614 turns).

theAP the Basher (Gargoyle Fighter)                 Turns: 5614, Time: 00:10:50

Health: 0/58       AC: 20    Str: 24    XL:     9   Next: 0%
Magic:  9/9        EV:  4    Int: 12    God:    Gozag
Gold:   415        SH:  9    Dex:  9    Spells: 8/8 levels left

rFire    . . .     SeeInvis .   z - +4 war axe of Botaep {drain, rC++ Int+4}
rCold    + + .     Gourm    .   c - +0 shield
rNeg     + . .     Faith    .   x - +1 plate armour
rPois    ∞         Spirit   .   B - +0 helmet
rElec    +         Reflect  .   (no cloak)
rCorr    .         Harm     .   j - +0 pair of gloves
MR       +....                  (no boots)
Stlth    ..........             e - amulet of magic regeneration
Regen    0.2/turn               A - ring of protection from magic
MPRegen  0.2/turn               (no ring)

@: no status effects
A: negative energy resistance 1, electricity resistance, unbreathing,
petrification resistance, rot immunity, AC +5
a: Potion Petition, Call Merchant, Bribe Branch, Renounce Religion


You were on level 8 of the Dungeon.
You worshipped Gozag.
Gozag was aware of your devotion.
You were not hungry.

You visited 2 branches of the dungeon, and saw 9 of its levels.

You collected 541 gold pieces.
You paid 126 gold pieces to Gozag.

Inventory:

Hand Weapons
 a - a +1 flail
 z - the +4 war axe of Botaep (weapon) {drain, rC++ Int+4}
   (You found it on level 7 of the Dungeon)

   A truly terrible weapon, it drains the life of those it strikes.
   It affects your intelligence (+4).
   It greatly protects you from cold.
Armour
 b - a +0 scale mail
 c - a +0 shield (worn)
 h - a -1 chain mail
 j - a +0 pair of gloves (worn)
 x - a +1 plate armour (worn)
 B - a +0 helmet (worn)
Jewellery
 e - an amulet of magic regeneration (around neck)
 q - a cursed -3 ring of dexterity
 v - a -3 ring of dexterity
 A - a ring of protection from magic (left hand)
Wands
 w - a wand of polymorph (8/24)
 H - a wand of confusion (28/48)
Scrolls
 k - 2 scrolls of remove curse
 m - 2 scrolls of silence {unknown}
 s - 4 scrolls of teleportation
 t - a scroll of enchant armour
 y - 3 scrolls of blinking {unknown}
 D - 4 scrolls of identify
 F - 3 scrolls of recharging {unknown}
 G - a scroll of enchant weapon
Potions
 d - a potion of might
 g - a potion of degeneration
 l - 2 potions of lignification
 n - 2 potions of invisibility
 o - 3 potions of flight
 p - 2 potions of heal wounds
 C - 2 potions of ambrosia {unknown}
 E - a potion of mutation {unknown}
Books
 r - a book of Changes

   Spells                             Type                      Level
   a - Beastly Appendage              Transmutation                1
   b - Sticks to Snakes               Transmutation                2
   c - Spider Form                    Transmutation/Poison         3
   d - Ice Form                       Ice/Transmutation            4
   e - Blade Hands                    Transmutation                5
 u - a book of Cantrips

   Spells                             Type                      Level
   a - Confusing Touch                Hexes                        1
   b - Animate Skeleton               Necromancy                   1
   c - Summon Small Mammal            Summoning                    1
   d - Apportation                    Translocation                1
Comestibles
 f - 8 bread rations
 i - a meat ration


   Skills:
 + Level 7.6 Fighting
 * Level 9.3 Maces & Flails
 - Level 3.2 Armour
 - Level 3.2 Shields


You had 8 spell levels left.
You didn't know any spells.

Dungeon Overview and Level Annotations

Branches:
Dungeon (8/15)             Temple (1/1) D:7
   Lair: D:8-11

Altars:
Ashenzari
Cheibriados
Elyvilon
Fedhas
Gozag
Hepliaklqana
Kikubaaqudgha
Makhleb
Nemelex Xobeh
Okawaru
Qazlal
Sif Muna
Uskayaw
Vehumet
Wu Jian
Xom
The Shining One

Shops:
D:6 (   D:7 :


Innate Abilities, Weirdness & Mutations

You are resistant to torment.
Your stone body is resilient. (AC +5)
You are immune to poison.
You resist negative energy. (rN+)
You are resistant to electric shocks. (rElec)
You can survive without breathing.
You are immune to petrification.
You are immune to rotting.


Message History

Your plate armour prevents you from hitting the two-headed ogre.
The orc shouts!
The two-headed ogre hits you with a giant club.
The two-headed ogre hits you with a giant club!!
You slice the two-headed ogre!! You drain the two-headed ogre!
The two-headed ogre is heavily wounded.
The two-headed ogre hits you with a giant club! x2
* * * LOW HITPOINT WARNING * * *
You are too injured to fight recklessly!
You feel much better.
The two-headed ogre hits you with a giant club. x2
You hit the two-headed ogre.
The two-headed ogre is severely wounded.
The two-headed ogre hits you with a giant club.
You block the two-headed ogre's attack.
You hit the two-headed ogre.
The two-headed ogre is severely wounded.
The two-headed ogre hits you with a giant club!!
You die...
Your body crumbles into a pile of gold.

### ..# # #.# #
#.#### # #....# #
#..###############
#................#
#@##############.#
#O# ########...
.o. ..........#
#.... ...........
#.#### #########.#
#. #.# #. ..# ..
#### #


You could see a two-headed ogre and an orc.

Vanquished Creatures
  3 ogres
  A necrophage (D:6)
  A bullfrog (D:7)
  A scorpion (D:4)
  4 wights (D:7)
  3 howler monkeys
  3 crimson imps (D:6)
  3 hounds
  A jelly (D:7)
  7 orc wizards
  3 orc priests
  A centaur skeleton (D:4)
  2 iguanas
  3 worker ants
  A hound skeleton (D:4)
  A howler monkey skeleton (D:4)
  6 adders
  7 gnolls (D:6)
  An ooze (D:3)
  2 adder zombies
  An adder skeleton (D:4)
  A worm (D:3)
  3 leopard geckos
  14 orcs
  A ball python (D:5)
  6 giant cockroaches
  4 goblins
  4 hobgoblins
  13 jackals
  12 kobolds
  7 bats
  6 frilled lizards
  A jackal skeleton (D:6)
  A jackal zombie (D:6)
  A leopard gecko skeleton (D:5)
  9 rats
138 creatures vanquished.

Vanquished Creatures (others)
  A human (D:4)
1 creature vanquished.

Grand Total: 139 creatures vanquished

Notes
Turn   | Place    | Note
-------+----------+-------------------------------------------
     0 | D:1      | theAP the Gargoyle Fighter began the quest for the Orb.
     0 | D:1      | Reached XP level 1. HP: 14/14 MP: 1/1
   136 | D:1      | Reached XP level 2. HP: 19/19 MP: 2/2
   543 | D:1      | Reached skill level 3 in Maces & Flails
   667 | D:2      | Reached XP level 3. HP: 24/24 MP: 3/3
  1086 | D:2      | Found a burning altar of Makhleb.
  1520 | D:3      | Found a glowing golden altar of the Shining One.
  1523 | D:3      | Found an iron altar of Okawaru.
  1523 | D:3      | Found a blossoming altar of Fedhas.
  1526 | D:3      | Found a deep blue altar of Sif Muna.
  1531 | D:3      | Reached XP level 4. HP: 28/29 MP: 4/4
  1662 | D:3      | Reached skill level 4 in Maces & Flails
  2084 | D:4      | Reached XP level 5. HP: 33/33 MP: 5/5
  2383 | D:4      | Found an ancient bone altar of Kikubaaqudgha.
  2385 | D:4      | Noticed a human
  2387 | D:4      | Killed a human
  2391 | D:4      | Reached skill level 5 in Maces & Flails
  2574 | D:4      | Reached XP level 6. HP: 39/39 MP: 6/6
  2709 | D:4      | Reached skill level 5 in Fighting
  3325 | D:4      | Reached skill level 6 in Maces & Flails
  3450 | D:5      | Entered Level 5 of the Dungeon
  3551 | D:5      | Reached XP level 7. HP: 44/44 MP: 7/7
  3679 | D:5      | Found a snail-covered altar of Cheibriados.
  3679 | D:5      | Found a radiant altar of Vehumet.
  4387 | D:6      | Reached skill level 7 in Maces & Flails
  4416 | D:6      | Reached XP level 8. HP: 25/51 MP: 8/8
  4507 | D:6      | Found Dopoydir's Antique Weapon Emporium.
  4661 | D:6      | Found a stormy altar of Qazlal.
  4661 | D:6      | Found a hazy altar of Hepliaklqana.
  4768 | D:7      | Found a staircase to the Ecumenical Temple.
  4810 | Temple   | Entered the Ecumenical Temple
  4815 | Temple   | Became a worshipper of Gozag Ym Sagoz the Greedy
  4888 | D:7      | Reached skill level 8 in Maces & Flails
  5112 | D:7      | Got a pitted war axe
  5113 | D:7      | Identified the +4 war axe of Botaep {drain, rC++ Int+4} (You found it on level 7 of the Dungeon)
  5164 | D:7      | Found Paacrext's Book Shop.
  5188 | D:7      | Reached skill level 9 in Maces & Flails
  5548 | D:8      | Reached XP level 9. HP: 58/58 MP: 9/9
  5607 | D:8      | Noticed a two-headed ogre
  5614 | D:8      | Slain by a two-headed ogre

Vault maps used:
D:1:      dpeg_arrival_water_fire, minmay_cupped
D:2:      nicolae_overflow_crystal_walls, first_bread
D:3:      grunt_temple_overflow_open
D:4:      tgw_kikubaaqudgha
D:5:      gammafunk_temple_overflow_elements
D:6:      gammafunk_temple_overflow_wave, serial_shops, kennysheep_little_box
D:7:      minmay_temple_entry_grid, serial_shops,
          nicolae_shop_temple_entry_statues_fountains
D:8:      serial_shops, shop, the_bakery, roderic_batcave
Temple:   cyrus_circular_temple

Skill      XL: |  1  2  3  4  5  6  7  8 |
---------------+-------------------------+-----
Maces & Flails | 3 4 5 6 7 9 |  9.3
Fighting       | 4 5 6 7 |  7.6
Armour         | |  3.2
Shields        | |  3.2

Action                   |  1- 3 |  4- 6 |  7- 9 || total
-------------------------+-------+-------+-------++-------
Melee: Flail             |   151 |   269 |   180 ||   600
       War axe           |       |       |    47 ||    47
  Use: Scroll            |       |     6 |     7 ||    13
       Potion            |       |       |     1 ||     1
  Eat: Chunk             |     2 |     7 |     2 ||    11
       Royal jelly       |       |       |     2 ||     2
       Meat ration       |       |       |     1 ||     1
Armor: Scale mail        |    27 |       |       ||    27
       Chain mail        |    82 |    75 |       ||   157
       Plate armour      |       |   246 |   151 ||   397
Dodge: Dodged            |    46 |    86 |    40 ||   172
Block: Shield            |    99 |   184 |   114 ||   397
